 Dungeon Crawl Stone Soup version 0.28-a0-1202-g1e6f1b2279 (webtiles) character file.

Game seed: 10538579432309325498

10 ChaosChampion the Ruffian (level 2, -12/23 HPs)
             Began as a Draconian Transmuter on Dec 20, 2021.
             Mangled by a goblin (19 damage)
             ... on level 1 of the Dungeon.
             The game lasted 00:00:36 (677 turns).

ChaosChampion the Ruffian (Draconian Transmuter)     Turns: 677, Time: 00:00:37

Health: -12/23     AC:  4    Str: 12    XL:     2   Next: 10%
Magic:  4/5        EV: 12    Int: 13    God:
Gold:   19         SH:  0    Dex: 11    Spells: 4/5 levels left

rFire   . . .      SeeInvis .     - Unarmed
rCold   . . .      Faith    .   (no shield)
rNeg    . . .      Spirit   .   (armour unavailable)
rPois   .          Reflect  .   (helmet currently unavailable)
rElec   .          Harm     .   (no cloak)
rCorr   .          Rampage  .   (no gloves)
Will    .....                   (boots currently unavailable)
Stlth   +.........              (no amulet)
HPRegen 0.07/turn               (no ring)
MPRegen 0.09/turn               (no ring)

@: appendages (expiring)
A: horns 2, talons 2, AC +4, unfitting armour, cold-blooded
a: End Transformation


You were on level 1 of the Dungeon.
You had temporarily grown beastly horns and talons.
You visited 1 branch of the dungeon, and saw 1 of its levels.

You collected 19 gold pieces.

You aren't carrying anything.


   Skills:
 - Level 1.1 Fighting
 - Level 1.7 Dodging
 * Level 3.4 Unarmed Combat
 - Level 2.0 Spellcasting
 + Level 2.3 Transmutations


You had 4 spell levels left.
You knew the following spells:

 Your Spells              Type           Power      Damage    Failure   Level
a - Beastly Appendage     Tmut           14%        N/A       10%         1

Your spell library contained the following spells:

 Spells                   Type           Power      Damage    Failure   Level
 Wereblood                Tmut           7%         N/A       16%         2
 Spider Form              Tmut/Pois      4%         N/A       43%         3
 Ice Form                 Ice/Tmut       4%         N/A       85%         4


Dungeon Overview and Level Annotations

Branches:
Dungeon (1/15)

Altars:


Innate Abilities, Weirdness & Mutations

You have temporarily grown beastly horns and talons.
Your plain brown scales are hard. (AC +4)
You cannot fit into any form of body armour.
You are cold-blooded and may be slowed by cold attacks.


Message History

You kill the goblin!
No target in view!
Your horns disappear.
Your talons disappear.
Key pressed, stopping explore.
Things that are here:
a +0 dagger; a +0 chain mail; a goblin corpse A goblin comes into view.
It is wielding a +2 dagger of distortion.
The goblin shouts!
Casting: Beastly Appendage (safe; 10% risk of failure)
Confirm with . or Enter, or press ? or * to list all spells.
You grow a pair of large bovine horns.
Your feet morph into talons.
Your transformation is almost over.
You see here 11 gold pieces.
You barely miss the goblin. The goblin barely misses you.
You hit the goblin. Your headbutt misses the goblin.
The goblin is heavily wounded.
The goblin barely misses you.
You miss the goblin. Your kick misses the goblin.
You headbutt the goblin, but do no damage.
The goblin is heavily wounded.
The goblin hits you with a +2 dagger of distortion.
Space warps horribly around you!
You are too injured to fight recklessly!
You are too injured to fight recklessly!
You are too injured to fight recklessly!
You are too injured to fight recklessly!
You are too injured to fight recklessly!
You are too injured to fight recklessly!
You are too injured to fight recklessly!
A goblin is nearby!
A goblin is nearby!
You are too injured to fight recklessly!
You are too injured to fight recklessly!
You are too injured to fight recklessly!
You hit the goblin. You claw the goblin, but do no damage.
The goblin is severely wounded.
The goblin hits you with a +2 dagger of distortion.
Space warps horribly around you!!
Ouch! That really hurt!
You die...

....#####....#.######
.....
#P##............
#....
#.##....########
#.#..#####.....#
+.........#...##
#.......#......##
#.......#.......#
#.......#...)...###
#....g@.............
#...................
#.................##
#............)...##
#.........>..(....>
#......#.#.....#....
#...##...#..........
#### #.......###...


You could see a goblin.

Vanquished Creatures
  3 endoplasms (D:1)
  2 goblins (D:1)
  A ball python (D:1)
  A bat (D:1)
  A frilled lizard (D:1)
  2 rats (D:1)
10 creatures vanquished.

Notes
Turn   | Place    | Note
-------+----------+-------------------------------------------
     0 | D:1      | ChaosChampion the Draconian Transmuter began the quest for
                  | the Orb.
     0 | D:1      | Reached XP level 1. HP: 16/16 MP: 3/3
   334 | D:1      | Found a faded altar of an unknown god.
   569 | D:1      | Reached XP level 2. HP: 16/23 MP: 3/5
   677 | D:1      | Mangled by a goblin

Illustrated notes

Levels and vault maps discovered:
D:1:      onia_arrival_mini_maze, layout_rooms, serial_aquarium,
          aquarium_bridge_square [aquarium_subvault_bridge,
          aquarium_subvault_bridge, aquarium_subvault_balcony,
          aquarium_subvault_bridge], aquarium_window_2,
          aquarium_window_corridor_3, aquarium_window_fake, aquarium_window_2,
          aquarium_view_2b, aquarium_view_2d, aquarium_balcony_1b,
          basic_ecumenical_altar, kennysheep_small_spiral

Action                   || total
-------------------------++-------
Melee: Unarmed           ||    37
       Tailslap          ||     4
       Headbutt          ||     2
       Kick              ||     1
 Cast: Beastly Appendage ||     3
Armor: Skin              ||    10
Dodge: Dodged            ||    24

Table legend: (Time is in decaauts)
 A = Elapsed time spent in this place.
 B = Non-inter-level travel time spent in this place.
 C = Inter-level travel time spent in this place.
 D = Time resting spent in this place.
 E = Time spent auto-exploring this place.
 F = Levels seen in this place.
 G = Mean time per level.
                   A        B        C        D        E       F      G
               +--------+--------+--------+--------+--------+-----+--------+
         Total |    674 |    674 |      0 |      0 |    599 |   1 |  674.0 |
       Dungeon |    674 |    674 |      0 |      0 |    599 |   1 |  674.0 |
               +--------+--------+--------+--------+--------+-----+--------+

Top non-repeatable levels by time:
     D:1: 674 daAuts
